AoeStats
← CazadorGT

Nomad

507154095Analyzed
4v4 RM · 16d ago on Sep 16, 2026· 96m 42s· 8 players
Game mode
Random Map
Map size
231×231
Population
200
Speed
Normal
Resources
Standard
Victory
Conquest
Starting age
Dark Age
Ending age
Imperial Age
RankedLock teamsTeams togetherTeam positionsShared explorationLock speedFull tech treeHidden civsTurbo modeCheats
Victory
Defeat
🇲🇽 Spanish · Mexico
1097
+16
1062
+18
🇨🇾 Persians · Cyprus
1050
+18
🇳🇴 Poles · Norway
1000
+20
🇨🇴 Ethiopians · Colombia
1237
-22
🇨🇱 Vietnamese · Chile
1135
-20
🇬🇹 Malians · Guatemala
1119
-19
🇮🇹 Dravidians · Italy
918
-11
JonnyD
16:09 Feudal Age
20:32 Castle Age
19:07 Scale Barding Armor
20:19 Fletching
22:09 Bodkin Arrow
28:26 Double-Bit Axe
33:32 Gold Mining
33:51 Fishing Lines
37:13 Imperial Age
35:09 Stone Mining
36:29 Gold Shaft Mining
36:03 Husbandry
36:38 Gillnets
37:49 Bloodlines
39:20 Cavalier
39:27 Heavy Camel Rider
40:23 Forging
41:57 Horse Collar
44:04 Chain Barding Armor
44:21 Iron Casting
44:50 Cavalier
44:52 Light Cavalry
46:42 Plate Barding Armor
51:15 Medium Warships
52:05 Savar
53:17 Herbal Medicine
57:29 Blast Furnace
55:52 Hussar
58:08 Kamandaran
57:51 Crossbowman
60:22 Thumb Ring
60:40 Conscription
60:33 Citadels
61:16 Padded Archer Armor
61:17 Scale Mail Armor
63:41 Stone Shaft Mining
63:19 Fervor
64:21 Elite Skirmisher
65:49 Ballistics
67:01 Chain Mail Armor
67:02 Leather Archer Armor
69:01 Heavy Warships
72:12 Plate Mail Armor
72:13 Ring Archer Armor
77:13 Chemistry
76:50 Siphons
86:09 Loom
87:00 Wheelbarrow
86:11 Town Watch
91:25 Heavy Plow
96:00 Bow Saw
96:07 Hand Cart
PIGGI A MAND!!!
3:54 Loom
14:55 Feudal Age
15:30 Double-Bit Axe
20:01 Castle Age
18:08 Horse Collar
21:51 Bow Saw
24:28 Heavy Plow
25:01 Town Watch
26:09 Wheelbarrow
28:43 Forging
31:22 Imperial Age
30:32 Scale Barding Armor
30:34 Husbandry
31:15 Hand Cart
31:05 Scale Mail Armor
31:15 Pikeman
31:35 Cavalier
33:57 Szlachta Privileges
34:00 Gold Mining
34:52 Iron Casting
35:13 Bloodlines
34:26 Light Cavalry
36:40 Stone Mining
37:34 Fishing Lines
39:27 Winged Hussar
40:40 Squires
41:22 Chain Barding Armor
41:18 Chain Mail Armor
42:04 Blast Furnace
43:58 Crop Rotation
46:25 Plate Mail Armor
45:55 Herbal Medicine
49:48 Chemistry
49:08 Ballistics
54:14 Conscription
54:17 Lechitic Legacy
65:09 Stone Shaft Mining
65:31 Padded Archer Armor
65:22 Fletching
72:35 Leather Archer Armor
72:15 Bodkin Arrow
73:32 Thumb Ring
72:48 Crossbowman
72:48 Elite Skirmisher
73:33 Gillnets
79:02 Elite Skirmisher
85:15 Town Patrol
MadKitten 77
15:27 Feudal Age
19:21 Castle Age
17:29 Horse Collar
18:03 Double-Bit Axe
20:50 Wheelbarrow
23:56 Fletching
24:44 Bodkin Arrow
64:48 Hand Cart
82:34 Gambesons
82:49 Squires
82:10 Man-at-Arms
83:56 Long Swordsman
84:51 Forging
84:42 Scale Mail Armor
86:12 Iron Casting
88:22 Imperial Age
87:15 Chain Mail Armor
88:26 Two-Handed Swordsman
91:39 Blast Furnace
—»¬ ° • G ¡ ø 49k .
4:48 Loom
13:48 Feudal Age
17:30 Forging
17:43 Scale Barding Armor
21:26 Castle Age
20:20 Stone Mining
23:26 Wheelbarrow
22:37 Town Watch
27:09 Double-Bit Axe
30:31 Murder Holes
39:27 Fletching
40:14 Hand Cart
40:30 Husbandry
40:42 Gold Mining
41:05 Bow Saw
41:51 Town Patrol
43:40 Iron Casting
43:25 Chain Barding Armor
44:39 Chain Barding Armor
50:41 Imperial Age
49:46 Gold Shaft Mining
50:30 #83
50:47 Cavalier
52:42 Chemistry
52:03 Ballistics
51:56 Elite Throwing Axeman
52:55 Bodkin Arrow
53:01 Padded Archer Armor
53:21 Light Cavalry
CazadorGT
12:54 Loom
15:38 Feudal Age
16:14 Double-Bit Axe
20:01 Forging
21:52 Castle Age
20:35 Fletching
21:58 Stone Mining
23:09 Bow Saw
26:22 Iron Casting
25:38 Town Watch
26:30 Scale Barding Armor
26:31 Horse Collar
31:33 Chain Barding Armor
31:36 Husbandry
34:22 Bodkin Arrow
34:56 Bloodlines
35:49 Heavy Plow
36:35 Wheelbarrow
39:42 Imperial Age
38:19 Hand Cart
38:39 Gold Mining
39:24 Stone Shaft Mining
40:30 Farimba
39:55 Cavalier
41:17 Crop Rotation
41:44 Conscription
42:35 Heavy Camel Rider
44:13 Gold Shaft Mining
43:05 Elite Gbeto
44:16 Scale Mail Armor
59:06 Light Cavalry
62:03 Tigui
68:30 Chain Mail Armor
68:17 Squires
71:34 Pikeman
75:47 Capped Ram
verbumdei76
5:24 Loom
17:56 Feudal Age
18:23 Double-Bit Axe
25:01 Castle Age
23:45 Padded Archer Armor
24:22 Fishing Lines
24:35 Fletching
29:16 Stone Mining
29:17 Pikeman
30:40 Forging
31:04 Town Watch
34:08 Wheelbarrow
37:29 Masonry
48:25 Scale Mail Armor
54:07 Chain Mail Armor
66:57 Bodkin Arrow
69:52 Leather Archer Armor
75:06 Horse Collar
87:59 Iron Casting
93:44 Medium Warships
93:58 Ballistics
Juan_DavidMLL
8:27 Loom
12:44 Feudal Age
15:30 Double-Bit Axe
19:01 Castle Age
18:23 Fletching
20:02 Bodkin Arrow
19:32 Crossbowman
22:58 Bow Saw
23:35 Town Watch
24:26 Wheelbarrow
28:48 Town Patrol
44:02 Imperial Age
46:19 Arbalester
47:51 Bracer
48:18 Horse Collar
49:39 Two-Man Saw
48:51 Arbalester
49:58 Padded Archer Armor
50:59 Chemistry
50:20 Ballistics
51:57 Forging
51:43 Halberdier
52:23 Squires
52:25 Scale Mail Armor
58:14 Scale Mail Armor
59:21 Iron Casting
59:12 Chain Mail Armor
59:22 Heavy Plow
62:55 Plate Mail Armor
63:25 Blast Furnace
67:03 Leather Archer Armor
70:38 Royal Heirs
70:20 Elite Shotel Warrior
73:01 Ring Archer Armor
74:34 Thumb Ring
73:50 Elite Skirmisher
75:41 Imperial Skirmisher
79:30 Masonry
82:31 Arson
Squirtle
11:33 Loom
13:56 Feudal Age
18:38 Castle Age
16:27 Double-Bit Axe
20:40 Bow Saw
22:02 Town Watch
26:25 Scale Mail Armor
28:06 Forging
28:19 Fletching
33:50 Wheelbarrow
38:43 Imperial Age
36:35 Elite Skirmisher
38:41 Bodkin Arrow
44:51 Bracer
46:12 Hand Cart
46:30 Ballistics
47:15 Chemistry
46:55 Pikeman
50:18 Chain Mail Armor
53:32 Elite Fire Lancer
54:50 Squires
55:07 Town Patrol
55:09 Imperial Skirmisher
55:43 Man-at-Arms
57:24 Halberdier
62:28 Elite Rattan Archer
66:11 Plate Mail Armor
66:16 Iron Casting
65:42 Padded Archer Armor
66:15 Padded Archer Armor
69:25 Leather Archer Armor
71:27 Two-Man Saw
71:39 Long Swordsman
74:43 Two-Handed Swordsman
76:43 Thumb Ring
77:09 Ring Archer Armor
76:46 Scale Barding Armor
82:08 Champion
86:02 Paper Money
Connection lost

Rejoining the realm…

Still unreachable

The connection could not be restored.

Session expired

The server has moved on; the page needs a fresh start.